 Dungeon Crawl Stone Soup version 0.31-a0-187-gba352fbbf7 (webtiles) character file.

Game seed: 14380368806017955894

224 qw the Skirmisher (level 5, -4/30 HPs)
             Began as a Deep Elf Hunter on June 22, 2023.
             Slain by a lemure (6 damage)
             ... led by Pikel
             ... on level 4 of the Dungeon.
             The game lasted 00:01:03 (2319 turns).

qw the Skirmisher (Deep Elf Hunter)                 Turns: 2319, Time: 00:01:03

Health: -4/30      AC:  5    Str: 10    XL:     5   Next: 67%
Magic:  0/7        EV: 11    Int: 14    God:
Gold:   89         SH:  0    Dex: 18    Spells: 4/4 levels left

rFire   . . .        Y - +0 shortbow (drain)
rCold   . . .        (shield currently unavailable)
rNeg    + . .        i - +0 ring mail
rPois   .            (no helmet)
rElec   .            (no cloak)
rCorr   .            (no gloves)
SInv    .            (no boots)
Will    .....        j - amulet of guardian spirit
Stlth   +            g - ring of positive energy
HPRegen 0.25/turn    (no ring)
MPRegen 0.10/turn

%: guardian spirit
@: no status effects
A: no striking features
a: no special abilities


You were on level 4 of the Dungeon.
You visited 1 branch of the dungeon, and saw 4 of its levels.

You collected 117 gold pieces.
You spent 28 gold pieces at shops.


   Skills:
 + Level 1.7 Fighting
 - Level 9.2 Ranged Weapons
 - Level 2.4 Dodging
 - Level 1.2 Stealth


You had 4 spell levels left.
You didn't know any spells.
Your spell library was empty.

Inventory:

Hand Weapons
 Y - a +0 shortbow of draining (weapon)
Armour
 i - a +0 ring mail (worn)
Jewellery
 g - a ring of positive energy (left hand)
 j - an amulet of guardian spirit (around neck)
Scrolls
 a - 2 scrolls of identify
Potions
 b - a potion of might
 c - a potion of cancellation {unknown}
 d - a potion of degeneration {unknown}
 e - a potion of enlightenment
 f - 2 potions of curing
 k - a potion of heal wounds {unknown}

Dungeon Overview and Level Annotations

Branches:
Dungeon (4/15)
 Temple: D:4-7

Altars:
Sif Muna

Shops:
D:3 *

Annotations:
D:3 3 runed translucent doors, qw's ghost, amateur DEHu


Message History

The lemure is severely wounded.
The lemure closely misses you. The lemure hits you but does no damage.
You shoot an arrow. The arrow closely misses the lemure.
The lemure closely misses you. The lemure barely misses you.
You shoot an arrow. The arrow closely misses the lemure.
The lemure hits you! The lemure hits you.
You shoot an arrow. The arrow hits the lemure!
You kill the lemure!
That felt strangely unrewarding.
The lemure misses you.
You shoot an arrow. The arrow hits the lemure.
The lemure is lightly wounded.
The lemure barely misses you.
You shoot an arrow. The arrow hits the lemure.
The lemure is moderately wounded.
The lemure hits you!
You shoot an arrow.
The arrow hits the lemure but does no damage.
The lemure is moderately wounded.
The lemure completely misses you.
A lemure comes into view.
The lemure hits you!
You shoot an arrow. The arrow closely misses the lemure.
The lemure shouts!
The lemure hits you.
You shoot an arrow.
The arrow hits the lemure but does no damage.
The lemure is moderately wounded.
The lemure hits you but does no damage.
You shoot an arrow. The arrow hits the lemure.
The lemure is heavily wounded.
The lemure hits you!
You shoot an arrow.
The arrow hits the lemure but does no damage.
The lemure is heavily wounded.
The lemure hits you but does no damage.
You shoot an arrow. The arrow hits the lemure!
The lemure is severely wounded.
The lemure hits you!
You die...

.... .. ... ... ..#
.... ..## #....
.(###...!. #.........
#5.5.....# #.@# #..#
#### ##.## ##...## #..#
##<....## #..#####..
##.......###.........
##.........##.........
##...............######
#.............####


You could see 2 lemures.

Vanquished Creatures
  A lemure (D:4)
  An orc priest (D:3)
  2 orc wizards (D:3)
  6 adders
  4 dart slugs
  8 orcs (D:3)
  9 bats
  8 endoplasms
  4 giant cockroaches
  5 hobgoblins
  6 quokkas
  5 ball pythons
  2 frilled lizards
  9 goblins
  A kobold (D:3)
  6 rats
77 creatures vanquished.

Notes
Turn   | Place    | Note
-------+----------+-------------------------------------------
     0 | D:1      | qw the Deep Elf Hunter began the quest for the Orb.
     0 | D:1      | Reached XP level 1. HP: 12/12 MP: 3/3
     0 | D:1      | 0 ||| qw: Version: 0.3-a-9-g12657ce
     0 | D:1      | 0 ||| qw: Game counter: 1943
     0 | D:1      | 0 ||| qw: Always use a shield: true
     0 | D:1      | 0 ||| qw: God list: Okawaru
     0 | D:1      | 0 ||| qw: Allow faded altars: false
     0 | D:1      | 0 ||| qw: Do Orc after D:15 true
     0 | D:1      | 0 ||| qw: Do second Lair branch before Depths: true
     0 | D:1      | 0 ||| qw: Lair rune preference: random
     0 | D:1      | 0 ||| qw: Plans: Normal
     0 | D:1      | 0 ||| PLANNING D:1-11
    94 | D:1      | Reached XP level 2. HP: 16/16 MP: 4/4
   108 | D:1      | Reached skill level 6 in Ranged Weapons
   495 | D:1      | Reached XP level 3. HP: 20/20 MP: 5/5
   500 | D:1      | 500 ||| UPGRADING to +0 scale mail.
   549 | D:1      | 549 ||| DROPPING +0 leather armour.
   704 | D:1      | 704 ||| READING scroll labelled FAT GOOWOXT.
   705 | D:1      | 705 ||| READING scroll labelled BALUJA LUSUREN.
   706 | D:1      | 706 ||| DROPPING scroll of butterflies.
   781 | D:2      | Found a faded altar of an unknown god.
   788 | D:2      | Reached skill level 7 in Ranged Weapons
   893 | D:2      | Identified the +3 mace "Uhuxot" {vamp, Fly rC+ Str+2}
   982 | D:2      | Reached XP level 4. HP: 25/25 MP: 6/6
  1188 | D:2      | 1188 ||| UPGRADING to +0 ring mail.
  1198 | D:2      | 1198 ||| DROPPING +0 scale mail.
  1199 | D:2      | 1199 ||| UPGRADING to amulet of guardian spirit.
  1204 | D:2      | 1204 ||| READING 2 scrolls labelled XUIDGH ATRAURROR.
  1205 | D:2      | 1205 ||| READING scroll labelled DARUACS GAZY.
  1208 | D:2      | 1208 ||| READING scroll labelled VOIK XYX OWO.
  1209 | D:2      | 1209 ||| READING scroll labelled BENLYI JESY.
  1210 | D:2      | 1210 ||| DRINKING 2 silvery potions.
  1282 | D:3      | Reached skill level 8 in Ranged Weapons
  1299 | D:3      | 1299 ||| FLEEEEING.
  1300 | D:3      | 1300 ||| FLEEEEING.
  1301 | D:3      | 1301 ||| FLEEEEING.
  1309 | D:3      | 1309 ||| STAIRDANCE
  1326 | D:2      | 1326 ||| READING scroll labelled DASSIR RITTYBE.
  1640 | D:3      | Reached XP level 5. HP: 29/29 MP: 7/7
  1780 | D:3      | Found a runed translucent gate.
  1780 | D:3      | Found a runed translucent gate.
  1782 | D:3      | Found a runed translucent gate.
  1785 | D:3      | Noticed qw's ghost (amateur DEHu)
  1785 | D:3      | Noticed qw's ghost (amateur DEHu)
  1841 | D:3      | Found a shimmering blue altar of Sif Muna.
  1864 | D:3      | Reached skill level 9 in Ranged Weapons
  1912 | D:3      | Found Zysoekhe's General Store.
  1916 | D:3      | 1916 ||| BUYING scroll of identify (28 gold).
  1916 | D:3      | Bought a scroll of identify for 28 gold pieces
  2238 | D:3      | 2238 ||| UPGRADING to ring of positive energy.
  2239 | D:3      | 2239 ||| DRINKING 2 black potions.
  2240 | D:3      | 2240 ||| READING 2 scrolls of identify.
  2240 | D:3      | 2240 ||| IDENTIFYING cyan potion
  2300 | D:4      | Noticed a lemure
  2302 | D:4      | Noticed a lemure
  2311 | D:4      | Killed a lemure
  2314 | D:4      | Noticed a lemure
  2317 | D:4      | HP: 2/30 [lemure[Pikel] (7)]
  2319 | D:4      | Slain by a lemure

Levels and vault maps discovered:
D:1:      roderic_crop_circles_arrival_small, layout_loops_ring,
          minmay_misc_feat_five
D:2:      layout_rooms, chequers_ecumenical_altar_simple_redux, st_stairs_10,
          hangedman_decor_riveting
D:3:      layout_loops_corners, lemuel_crystal_altar, gammafunk_ghost_cemetery,
          serial_shops, nicolae_shop_real_fake_doors, grunt_ministairs_13,
          guppyfry_early_orc_mine
D:4:      layout_cave_pods, gammafunk_temple_overflow_wave, grunt_decor_cap,
          uniq_pikel

Skill      XL: |  1  2  3  4  5 |
---------------+----------------+-----
Ranged Weapons | 6 7 8 9 |  9.2
Fighting       | |  1.7
Dodging        | |  2.4
Stealth        | |  1.2

Action                     |  1- 3 |  4- 6 || total
---------------------------+-------+-------++-------
   Fire: Shortbow          |   117 |   105 ||   222
    Use: Scroll            |     2 |     6 ||     8
         Potion            |       |     2 ||     2
 Armour: Leather armour    |    14 |       ||    14
         Scale mail        |    24 |     1 ||    25
         Ring mail         |       |    11 ||    11
  Dodge: Dodged            |    32 |    26 ||    58

Table legend:
 A = Non-vault XP
 B = Vault XP
 C = Vault XP percentage of total XP
 D = Non-vault monster count
 E = Vault monster count
 F = Vault count percentage of total count
                 A         B        C        D         E       F
            +---------+---------+-------+---------+---------+-------
      Total |     286 |      35 |  10.9 |      65 |      11 |  14.5
            +---------+---------+-------+---------+---------+-------
        D:1 |      47 |       0 |   0.0 |      27 |       0 |   0.0
        D:2 |      50 |      15 |  23.1 |      15 |       2 |  11.8
        D:3 |     189 |      20 |   9.6 |      23 |       9 |  28.1
            +---------+---------+-------+---------+---------+-------
